 Dungeon Crawl Stone Soup version 0.29-a0-997-gf6f7e2dfe7 (webtiles) character file.

Game seed: 2722259420620429794

21 Sobieck the Chopper (level 2, 0/26 HPs)
             Began as a Naga Warper on Aug 5, 2022.
             Slain by a goblin
             ... wielding a +0 dagger of electrocution
              (1 damage)
             ... on level 1 of the Dungeon.
             The game lasted 00:01:59 (905 turns).

Sobieck the Chopper (Naga Warper)                    Turns: 905, Time: 00:02:00

Health: 0/26       AC:  2    Str: 13    XL:     2   Next: 83%
Magic:  5/5        EV:  9    Int: 13    God:
Gold:   19         SH:  0    Dex: 10    Spells: 5/5 levels left

rFire   . . .      SeeInvis +   a - +0 hand axe {axe}
rCold   . . .      Faith    .   (no shield)
rNeg    . . .      Spirit   .   o - +0 leather armour
rPois   +          Reflect  .   (no helmet)
rElec   .          Harm     .   (no cloak)
rCorr   .          Rampage  .   (no gloves)
Will    .....                   (no barding)
Stlth   +.........              (no amulet)
HPRegen 0.08/turn               (no ring)
MPRegen 0.09/turn               (no ring)

@: very slow
A: AC +0, large, see invisible, deformed body, poison resistance, slowness 2,
spit poison 1, naga tail 1
a: Spit Poison


You were on level 1 of the Dungeon.
You visited 1 branch of the dungeon, and saw 1 of its levels.

You collected 19 gold pieces.


Innate Abilities, Weirdness & Mutations

Your serpentine skin is tough. (AC +0)
You have supernaturally acute eyesight. (SInv)
Armour fits poorly on your strangely shaped body.
Your system is resistant to poisons. (rPois)
You cover ground very slowly.
You can spit poison.
You have a snake-like lower body.


   Skills:
 - Level 2.0 Fighting
 + Level 3.2 Axes
 - Level 0.8 Throwing
 - Level 0.7 Armour
 - Level 1.5 Dodging
 - Level 2.0 Spellcasting
 - Level 3.0 Translocations


You had 5 spell levels left.
You didn't know any spells.
Your spell library contained the following spells:

 Spells                   Type           Power      Damage    Failure   Level
 Blink                    Tloc           18%        N/A       14%         2
 Gell's Gravitas          Tloc           9%         N/A       28%         3
 Lesser Beckoning         Tloc           9%         N/A       28%         3
 Teleport Other           Tloc           9%         N/A       28%         3
 Manifold Assault         Tloc           9%         N/A       95%         5

Inventory:

Hand Weapons
 a - a +0 hand axe (weapon) {axe}
 b - a +0 sling
   (You found it on level 1 of the Dungeon)
 g - a +0 whip of venom {mace}
   (You found it on level 1 of the Dungeon)
Missiles
 d - 7 boomerangs of dispersal {=f!fthrowing}
 e - 4 stones {throwing}
Armour
 m - a +0 leather armour
   (You found it on level 1 of the Dungeon)
 n - a +0 plate armour
   (You found it on level 1 of the Dungeon)
 o - a +0 leather armour (worn)
 t - a +0 scale mail
   (You found it on level 1 of the Dungeon)
Magical Staves
 q - a staff of poison {!astaff}
   (You found it on level 1 of the Dungeon)
Scrolls
 c - a scroll of blinking {!r}
 h - a scroll of butterflies {unknown}
 k - a scroll of magic mapping {unknown}
 l - a scroll of teleportation {unknown}
 p - 2 scrolls of identify {unknown}
Potions
 f - a potion of invisibility {unknown}
 i - a potion of lignification {unknown}
 j - a potion of degeneration {unknown}
 r - a potion of curing {unknown}
 s - 2 potions of mutation {unknown}

Dungeon Overview and Level Annotations

Branches:
Dungeon (1/15) Zot: 4933

Altars:

#######
#.#########.....#
##........##.###.#
................†.
###########.######.#
+...................
###.#######.#.......
#@# #.#....... #g#
#.#.#.#.##
#.J......#.#.#.#.#
#.....?..#.#.#.#.#
#........#.#.....##
#....)...#.#.##....
#........+.#..+....
#........# ####....
#........# ####+


You could see an endoplasm and a goblin.


Message History

Danger!
Aiming: Spit Poison (2% risk of failure)
Press: ? - help, Shift-Dir - straight line, f - hobgoblin
Aim: a hobgoblin (59% to hit)
The splash of poison hits the hobgoblin.
The hobgoblin is poisoned.
You shoot a sling bullet. The sling bullet hits the hobgoblin.
You kill the hobgoblin!
A ball python comes into view.
You have got your breath back.
Danger!
a - a +0 hand axe (weapon)
{axe} You hit the ball python.
The ball python bites you but does no damage. x2
You hit the ball python but do no damage.
The ball python bites you.
You hit the ball python.
The ball python bites you but does no damage.
You barely miss the ball python. The ball python barely misses you.
The ball python bites you.
You completely miss the ball python. The ball python bites you.
You closely miss the ball python. The ball python closely misses you.
The ball python bites you but does no damage.
You hit the ball python.
You kill the ball python!
Your Axes skill increases to level 3!
No target in view!
b - a +0 sling (weapon)
You see here a hobgoblin corpse.
You see here a hobgoblin corpse.
s - 2 glowing amethyst potions (gained 1)
e - 4 stones {throwing} (gained 3)
You open the door. 3 jackals come into view.
The jackal barks!
You hear a bark!
You hear a shout!
There is an open door here.
Danger!
You shoot a sling bullet.
The sling bullet closely misses the jackal.
The jackal barks!
A jackal comes into view. x2
Unknown command.
The jackal barks!
Unknown command.
Aiming: Spit Poison (2% risk of failure)
Press: ? - help, Shift-Dir - straight line, f/p - jackal
Aim: a jackal (50% to hit)
The splash of poison hits the jackal!
You kill the jackal!
An endoplasm comes into view.
a - a +0 hand axe (weapon)
{axe} The jackal bites you.
You closely miss the jackal. The jackal bites you.
The jackal barks!
You hit the jackal.
You have got your breath back.
A goblin comes into view.
It is wielding a +0 dagger of electrocution.
The goblin shouts!
You hit the jackal.
You kill the jackal!
The jackal closely misses you.
You barely miss the jackal. The jackal barely misses you. The jackal bites you.
Unknown command.
You hit the jackal. The jackal bites you.
You hit the jackal. The jackal bites you. x2
You hit the jackal.
You kill the jackal!
You closely miss the jackal. The jackal barely misses you. x2
You closely miss the jackal. The jackal closely misses you.
The jackal bites you.
Unknown command.
You completely miss the jackal. The jackal bites you.
You barely miss the jackal.
The jackal bites you but does no damage.
The jackal bites you.
You closely miss the jackal. The jackal closely misses you.
The jackal bites you but does no damage.
Unknown command.
You hit the jackal. The jackal bites you.
* * * LOW HITPOINT WARNING * * *
You hit the jackal.
You kill the jackal!
You barely miss the jackal. The jackal barely misses you. The jackal bites you.
* * * LOW HITPOINT WARNING * * *
You hit the jackal. The jackal bites you.
* * * LOW HITPOINT WARNING * * *
The jackal bites you but does no damage.
Unknown command.
You barely miss the jackal. The jackal barely misses you.
You hit the jackal. The jackal barely misses you. x2
You hit the jackal.
The jackal bites you but does no damage.
You hit the jackal.
You kill the jackal!
You closely miss the goblin. The goblin hits you but does no damage.
You are electrocuted!
* * * LOW HITPOINT WARNING * * *
You hit the goblin.
The goblin hits you with a +0 dagger of electrocution.
You die...

Skill      XL: |  1  2 |
---------------+-------+-----
Axes           | 3 |  3.2
Fighting       | |  2.0
Throwing       | |  0.8
Armour         | |  0.7
Dodging        | |  1.5
Spellcasting   | |  2.0
Translocations | |  3.0

Action                   || total
-------------------------++-------
Melee: Hand axe          ||    52
 Fire: Sling             ||     3
 Abil: Spit Poison       ||     8
Armor: Leather armour    ||    20
Dodge: Dodged            ||    26

Levels and vault maps discovered:
D:1:      eino_arrival_cavern_b, layout_basic, basic_ecumenical_altar

Notes
Turn   | Place    | Note
-------+----------+-------------------------------------------
     0 | D:1      | Sobieck the Naga Warper began the quest for the Orb.
     0 | D:1      | Reached XP level 1. HP: 19/19 MP: 3/3
    20 | D:1      | HP: 4/19 [kobold/+0 whip (5)]
    21 | D:1      | HP: 1/19 [kobold/+0 whip (3)]
   443 | D:1      | Reached XP level 2. HP: 22/26 MP: 5/5
   546 | D:1      | Found a faded altar of an unknown god.
   800 | D:1      | Reached skill level 3 in Axes
   904 | D:1      | HP: 1/26 [goblin/+0 dagger of electrocution (9)]
   905 | D:1      | Slain by a goblin

Vanquished Creatures
  A ball python (D:1)
  2 goblins (D:1)
  3 hobgoblins (D:1)
  5 jackals (D:1)
  A kobold (D:1)
  A quokka (D:1)
  2 bats (D:1)
  2 rats (D:1)
17 creatures vanquished.

Table legend:
 A = Non-vault XP
 B = Vault XP
 C = Vault XP percentage of total XP
 D = Non-vault monster count
 E = Vault monster count
 F = Vault count percentage of total count
                 A         B        C        D         E       F
            +---------+---------+-------+---------+---------+-------
      Total |      30 |       0 |   0.0 |      17 |       0 |   0.0
            +---------+---------+-------+---------+---------+-------
        D:1 |      30 |       0 |   0.0 |      17 |       0 |   0.0
            +---------+---------+-------+---------+---------+-------

Illustrated notes

Table legend:
 A = Kills in this place as a percentage of kills in entire the game.
 B = Kills by you in this place as a percentage of kills by you in the entire game.
 C = Kills by friends in this place as a percentage of kills by friends in the entire game.
 D = Other kills in this place as a percentage of other kills in the entire game.
 E = Experience gained in this place as a percentage of experience gained in the entire game.
 F = Experience gained in this place divided by the number of levels of this place that you have seen.
                   A       B       C       D       E      F
               +-------+-------+-------+-------+-------+----------------------
         Total | 100.0 | 100.0 |   N/A |   N/A | 100.0 |  30.0
       Dungeon | 100.0 | 100.0 |   N/A |   N/A | 100.0 |  30.0
               +-------+-------+-------+-------+-------+----------------------

Table legend: (Time is in decaauts)
 A = Elapsed time spent in this place.
 B = Non-inter-level travel time spent in this place.
 C = Inter-level travel time spent in this place.
 D = Time resting spent in this place.
 E = Time spent auto-exploring this place.
 F = Levels seen in this place.
 G = Mean time per level.
                   A        B        C        D        E       F      G
               +--------+--------+--------+--------+--------+-----+--------+
         Total |   1065 |   1022 |     43 |    285 |    610 |   1 | 1065.0 |
       Dungeon |   1065 |   1022 |     43 |    285 |    610 |   1 | 1065.0 |
               +--------+--------+--------+--------+--------+-----+--------+

Top non-repeatable levels by time:
     D:1: 1065 daAuts
